AoeStats
← Gumar

Arena

508736357Analyzed
2v2 RM · 8d ago on Sep 23, 2026· 37m 11s· 4 players
Game mode
Random Map
Map size
Medium (4 player)
Population
200
Speed
Normal
Resources
Standard
Victory
Conquest
Starting age
Dark Age
Ending age
Imperial Age
RankedLock teamsTeams togetherTeam positionsShared explorationLock speedFull tech treeHidden civsTurbo modeCheats
Victory
Defeat
🇦🇷 Turks · Argentina
647
+16
🇦🇷 Wei · Argentina
643
+17
🇮🇹 Mongols · Italy
672
-17
🇵🇱 Franks · Poland
648
-16
benjaminmarquinez
14:28 Feudal Age
15:57 Horse Collar
16:05 Double-Bit Axe
20:33 Castle Age
20:08 Bloodlines
20:41 Man-at-Arms
28:12 Loom
28:50 Long Swordsman
31:04 Squires
31:12 Caravan
32:07 Town Watch
32:58 Wheelbarrow
35:52 Imperial Age
benjaminmarquinez7
11:00 Loom
13:09 Feudal Age
13:42 Double-Bit Axe
13:39 Horse Collar
14:55 Gold Mining
14:55 Stone Mining
21:37 Castle Age
21:10 Fletching
25:26 Pikeman
30:16 Imperial Age
33:28 Chemistry
32:09 Treadmill Crane
32:40 Fortified Wall
32:52 Ballistics
32:44 Masonry
33:48 Wheelbarrow
33:14 Halberdier
37:06 Bow Saw
Gumar
13:52 Feudal Age
14:58 Double-Bit Axe
19:09 Gold Mining
24:27 Castle Age
25:36 Bow Saw
26:32 Fervor
26:37 Light Cavalry
26:53 Elite Skirmisher
28:17 Gold Mining
28:18 Stone Mining
32:05 Fletching
32:15 Padded Archer Armor
33:35 Wheelbarrow
35:28 Hand Cart
RIK93KOV
0:27 Loom
11:23 Feudal Age
22:18 Castle Age
20:21 Horse Collar
20:51 Double-Bit Axe
21:14 Gold Mining
21:38 Stone Mining
22:39 Wheelbarrow
22:20 Town Watch
23:21 Heavy Plow
23:44 Bow Saw
24:29 Gold Shaft Mining
24:00 Caravan
25:55 Stone Shaft Mining
25:58 Gold Shaft Mining
30:01 Nomads
29:57 Fletching
30:07 Padded Archer Armor
30:36 Bodkin Arrow
31:04 Fervor
31:20 Ballistics
31:11 Fortified Wall
30:57 Murder Holes
31:48 Fortified Wall
31:55 Leather Archer Armor
35:32 Imperial Age
33:34 Town Patrol
35:09 Forging
35:04 Scale Barding Armor
36:09 Hand Cart
35:36 Man-at-Arms
37:27 Chemistry
36:29 Bracer
Connection lost

Rejoining the realm…

Still unreachable

The connection could not be restored.

Session expired

The server has moved on; the page needs a fresh start.